 Dungeon Crawl Stone Soup version 0.26.0-41-g79a4fc7684 (webtiles) character file.

Game seed: 3815446074228704455

1643 thiole the Shield-Bearer (level 8, -1/57 HPs)
             Began as an Octopode Hedge Wizard on Jan 27, 2021.
             Was an Initiate of Gozag.
             Slain by Prince Ribbit (19 damage)
             ... on level 7 of the Dungeon.
             The game lasted 00:20:51 (8777 turns).

thiole the Shield-Bearer (Octopode Hedge Wizard)    Turns: 8777, Time: 00:20:52

Health: -1/57      AC:  3    Str: 15    XL:     8   Next: 99%
Magic:  16/23      EV: 12    Int: 22    God:    Gozag
Gold:   784        SH: 11    Dex: 12    Spells: 4/15 levels left

rFire    . . .     SeeInvis .   r - +5 dagger "Mureoc" {holy, *Rage rPois Will+ Int+4}
rCold    . . .     Faith    .   l - +1 kite shield (curse)
rNeg     . . .     Spirit   .   k - +2 hat
rPois    +         Reflect  .   (no amulet)
rElec    .         Harm     .   e - +6 ring of strength
rCorr    +         Rampage  .   n - ring of magical power
Will     +....     Rnd*Rage +   y - ring of resist corrosion
Stlth    ++++......             (no ring)
HPRegen  0.19/turn              (no ring)
MPRegen  0.18/turn              (no ring)
                                (no ring)
                                (no ring)

@: very slightly contaminated
A: almost no armour, stealthy swim, amphibious, 8 rings, constrict 8, camouflage
1, gelatinous body 1
a: Renounce Religion, Potion Petition, Call Merchant, Bribe Branch


You were on level 7 of the Dungeon.
You worshipped Gozag.
Gozag was pleased with you.
You visited 2 branches of the dungeon, and saw 8 of its levels.

You collected 864 gold pieces.
You paid 80 gold pieces to Gozag.

Inventory:

Hand Weapons
 a - a +0 dagger
 m - a +1 hand axe of electrocution
 o - a +2 dagger of holy wrath
 r - the +5 dagger "Mureoc" (weapon) {holy, *Rage rPois Will+ Int+4}
   (You found it on level 5 of the Dungeon)

   It has been blessed by the Shining One to cause great damage to the undead
   and demons.
   It affects your intelligence (+4).
   It protects you from poison.
   It affects your willpower, your defense against some magical effects.
   It may make you go berserk in combat.
Missiles
 h - 146 stones
Armour
 b - a +0 hat
 k - a +2 hat (worn)
 l - a cursed +1 kite shield (worn)
Jewellery
 e - a +6 ring of strength (left tentacle)
 n - a ring of magical power (right tentacle)
 v - an uncursed ring of ice
 y - a ring of resist corrosion (on tentacle)
Wands
 s - a wand of polymorph (7)
Scrolls
 c - 5 scrolls of teleportation
 f - a scroll of amnesia
Potions
 g - a potion of haste {unknown}
 i - 3 potions of might
 j - a potion of degeneration {unknown}
 p - a potion of resistance {unknown}
 t - a potion of curing


   Skills:
 + Level 5.9 Fighting
 - Level 2.0 Dodging
 - Level 5.0 Stealth
 * Level 6.9 Shields
 - Level 4.0 Spellcasting
 - Level 2.0 Conjurations
 - Level 2.0 Hexes
 - Level 2.0 Summonings
 - Level 1.0 Translocations
 - Level 2.0 Air Magic


You had 4 spell levels left.
You knew the following spells:

 Your Spells              Type           Power        Failure   Level
a - Magic Dart            Conj           52%          14%         1
b - Call Imp              Summ           13%          21%         2
c - Blink                 Tloc           N/A          30%         2
d - Mephitic Cloud        Conj/Pois/Air  10%          50%         3
e - Dazzling Flash        Conj/Hex       26%          38%         3

Your spell library contained the following spells:

 Spells                   Type           Power        Failure   Level
 Searing Ray              Conj           26%          21%         2
 Slow                     Hex            13%          21%         2
 Beastly Appendage        Tmut           8%           30%         1
 Wereblood                Tmut           4%           43%         2
 Conjure Flame            Conj/Fire      8%           52%         3
 Spider Form              Tmut/Pois      2%           67%         3
 Fulminant Prism          Conj/Hex       6%           80%         4
 Iskenderun's Mystic Bla  Conj/Tloc      11%          86%         4
 Ice Form                 Ice/Tmut       4%           97%         4
 Blade Hands              Tmut           2%           100%        5


Dungeon Overview and Level Annotations

Branches:
Dungeon (7/15)             Temple (1/1) D:5

Altars:
Ashenzari
Cheibriados
Dithmenos
Fedhas
Gozag
Hepliaklqana
Kikubaaqudgha
Makhleb
Nemelex Xobeh
Okawaru
Qazlal
Ru
Sif Muna
Trog
Uskayaw
Vehumet
Wu Jian
Xom
Zin
The Shining One

Shops:
D:4 :[

Annotations:
D:3 1 runed translucent door, Crazy Yiuf
D:7 Prince Ribbit


Innate Abilities, Weirdness & Mutations

You cannot wear most types of armour.
You are very stealthy in the water. (Stealth+)
You are amphibious.
You can wear up to eight rings at the same time.
You can use your tentacles to constrict eight enemies at once.
Your skin changes colour to match your surroundings (Stealth+).
Your rubbery body absorbs attacks. (AC +1, EV +1)


Message History

Your white imp gestures at the bullfrog.
The puff of frost hits the bullfrog.
You block Prince Ribbit's attack.
You hit Prince Ribbit. Your grab misses Prince Ribbit.
Your squeeze misses Prince Ribbit.
Prince Ribbit is lightly wounded.
The bullfrog hits you. Prince Ribbit hits you!
Your crimson imp blinks!
The bullfrog hits you but does no damage.
Your white imp gestures at the bullfrog.
The puff of frost misses the bullfrog.
Your crimson imp closely misses Prince Ribbit.
You hit the bullfrog. You grab the bullfrog.
The bullfrog is severely wounded.
You constrict the bullfrog. Prince Ribbit hits you!!
You block the bullfrog's attack.
Your crimson imp hits Prince Ribbit.
Prince Ribbit hits you!!
You die...
Your body crumbles into a pile of gold.

.. #..(##.# .. ##...#..#
. ...5...# #......# ...
#......+ .##
#####.5.ยง..##
.......F5...###
##.@F...... ##
#.......#.. ..#
#.###...... ####.#
#####.....#.... ....#
####...........### #....
#..............# #....
#.##...........# #....
#...........########....
#.......................


You could see Prince Ribbit, a bullfrog, 2 friendly crimson imps and a friendly
white imp (summoned).

Vanquished Creatures
  A sky beast (D:7)
  A phantom (D:6)
  An ogre (D:6)
  A big kobold (D:7)
  3 scorpions
  A howler monkey (D:5)
  A crimson imp (D:6)
  A centaur zombie (D:7)
  2 hounds
  A jelly (D:7)
  5 orc wizards
  3 orc priests
  A centaur skeleton (D:6)
  An iguana (D:6)
  Natasha (thrice) (D:3)
  3 worker ants
  2 hound skeletons
  A worker ant zombie (D:6)
  A howler monkey skeleton (D:5)
  7 adders
  6 gnolls (D:3)
  3 shadow imps
  A white imp (D:5)
  2 ufetubi
  An adder skeleton (D:7)
  3 worms
  A dart slug (D:6)
  6 leopard geckos
  14 orcs
  A ball python (D:1)
  4 giant cockroaches
  4 goblins
  7 hobgoblins
  7 jackals
  6 kobolds
  4 quokkas
  4 bats
  6 frilled lizards
  A leopard gecko skeleton (D:6)
  4 rats
125 creatures vanquished.

Vanquished Creatures (collateral kills)
  A phantom (D:4)
  An ogre (D:5)
  2 scorpions
  2 howler monkeys (D:7)
  A jelly (D:7)
  A centaur zombie (D:5)
  A bullfrog skeleton (D:4)
  2 iguanas (D:4)
  A worker ant zombie (D:6)
  An adder (D:6)
  A worm (D:2)
  2 orcs (D:5)
  A kobold (D:2)
  A rat (D:2)
18 creatures vanquished.

Vanquished Creatures (others)
  6 fungi (D:7)
6 creatures vanquished.

Grand Total: 149 creatures vanquished

Notes
Turn   | Place    | Note
-------+----------+-------------------------------------------
     0 | D:1      | thiole the Octopode Hedge Wizard began the quest for the
                  | Orb.
     0 | D:1      | Reached XP level 1. HP: 11/11 MP: 4/4
    72 | D:1      | Reached XP level 2. HP: 4/17 MP: 1/6
  1038 | D:1      | Learned a level 2 spell: Call Imp
  1041 | D:1      | Learned a level 2 spell: Blink
  1049 | D:2      | Reached XP level 3. HP: 21/21 MP: 0/7
  1403 | D:2      | Found a bloodstained altar of Trog.
  1568 | D:2      | Found a stormy altar of Qazlal.
  1924 | D:2      | Reached XP level 4. HP: 27/27 MP: 0/9
  2534 | D:4      | Found Vynwooff's Book Shoppe.
  2705 | D:4      | Noticed a phantom
  2807 | D:4      | Reached XP level 5. HP: 31/31 MP: 10/10
  2893 | D:4      | You fall into a shaft and drop 1 floor!
  2893 | D:5      | Entered Level 5 of the Dungeon
  2901 | D:5      | Reached skill level 5 in Stealth
  2907 | D:5      | Reached skill level 1 in Fighting
  3000 | D:5      | Noticed an ogre
  3076 | D:5      | Reached XP level 6. HP: 35/41 MP: 12/12
  3284 | D:5      | Found a staircase to the Ecumenical Temple.
  3290 | Temple   | Entered the Ecumenical Temple
  3435 | Temple   | Became a worshipper of Gozag Ym Sagoz the Greedy
  3463 | D:5      | Found an opulent altar of Gozag.
  3544 | D:4      | Found a hide-covered altar of Uskayaw.
  3544 | D:4      | Noticed a +0 dagger
  3544 | D:4      | Noticed a +0 hand axe
  3782 | D:4      | Found Muokexyt's Antique Armour Boutique.
  3794 | D:4      | Learned a level 3 spell: Mephitic Cloud
  3798 | D:4      | Learned a level 3 spell: Dazzling Flash
  3845 | D:4      | Killed a phantom
  4158 | D:4      | Reached skill level 1 in Air Magic
  4216 | D:4      | Reached skill level 1 in Shields
  4216 | D:4      | Reached skill level 1 in Hexes
  4926 | D:3      | You fall into a shaft and drop 2 floors!
  5126 | D:3      | Reached XP level 7. HP: 26/46 MP: 13/13
  5615 | D:3      | Reached skill level 2 in Shields
  5901 | D:3      | Noticed Natasha
  5910 | D:3      | Killed Natasha
  5999 | D:3      | Found a runed translucent door.
  6000 | D:3      | Noticed Crazy Yiuf
  6114 | D:3      | Noticed Natasha
  6122 | D:3      | Killed Natasha
  6285 | D:3      | Noticed Natasha
  6300 | D:3      | Killed Natasha
  6685 | D:5      | Reached skill level 3 in Shields
  6969 | D:5      | Got a faintly glowing dagger
  6970 | D:5      | Identified the +5 dagger "Mureoc" {holy, *Rage rPois Will+
                  | Int+4} (You found it on level 5 of the Dungeon)
  7086 | D:6      | Found a shadowy altar of Dithmenos.
  7268 | D:6      | Reached skill level 4 in Shields
  7268 | D:6      | Reached XP level 8. HP: 54/54 MP: 14/14
  7595 | D:6      | Found a snail-covered altar of Cheibriados.
  7629 | D:6      | Reached skill level 5 in Shields
  7690 | D:6      | Reached skill level 5 in Fighting
  8000 | D:6      | Found a radiant altar of Vehumet.
  8004 | D:6      | Found a burning altar of Makhleb.
  8485 | D:7      | Reached skill level 6 in Shields
  8539 | D:7      | Found a bloodstained altar of Trog.
  8539 | D:7      | Found an ancient bone altar of Kikubaaqudgha.
  8546 | D:7      | Found the +2 ratskin cloak {*Rats rPois rN+ Str-1 Int-1
                  | Dex+1}
  8771 | D:7      | Noticed Prince Ribbit
  8777 | D:7      | Slain by Prince Ribbit

Illustrated notes

Levels and vault maps discovered:
D:1:      dpeg_arrival_simpleton_c, layout_rooms
D:2:      layout_rooms, general_overflow_altar, trog_book
D:3:      layout_loops_ring, uniq_crazy_yiuf_cottage, uniq_natasha
D:4:      layout_basic, dancing_weapons_uskayaw, serial_shops, shop_fountains,
          nicolae_shop_waterfront
D:5:      layout_gridville, minmay_temple_entry_ruins,
          nicolae_gozag_seed_capital
D:6:      layout_rooms, grunt_temple_overflow_lords_of_destruction,
          kennysheep_slug_shrine, nicolae_dithmenos_through_a_glass_darkly
D:7:      old_forge, layout_basic, gammafunk_temple_overflow_elements,
          nicolae_ossuary_entry_plus, uniq_prince_ribbit1
Temple:   minmay_temple_bridge_abc

Skill      XL: |  1  2  3  4  5  6  7  8 |
---------------+-------------------------+-----
Stealth        | 3 4 5 |  5.0
Summonings     | 2 |  2.0
Conjurations   | 2 |  2.0
Spellcasting   | 4 |  4.0
Fighting       | 2 3 4 5 |  5.9
Air Magic      | 1 2 |  2.0
Shields        | 1 4 6 |  6.9
Hexes          | 1 2 |  2.0
Dodging        | |  2.0
Translocations | |  1.0

Action                   |  1- 3 |  4- 6 |  7- 9 || total
-------------------------+-------+-------+-------++-------
Melee: Dagger            |    41 |    52 |   143 ||   236
       Constrict         |    11 |    13 |    33 ||    57
       Tentacles         |     8 |     9 |    25 ||    42
 Cast: Magic Dart        |    60 |    55 |   118 ||   233
       Call Imp          |     8 |    41 |    28 ||    77
       Mephitic Cloud    |       |       |     1 ||     1
  Use: Scroll            |     4 |       |     8 ||    12
       Potion            |       |     1 |     1 ||     2
 Stab: Distracted        |       |     1 |       ||     1
       Sleeping          |       |       |     4 ||     4
Armor: Skin              |     3 |     1 |    17 ||    21
Dodge: Dodged            |    27 |    40 |    68 ||   135
Block: Kite shield       |       |       |    32 ||    32
